 Dungeon Crawl Stone Soup version 0.31.0-32-g396128a36d (webtiles) character file.

Game seed: 6545209318649704397

5721 tizbic2 the Changeling (level 10, -1/75 HPs)
             Began as a Troll Brigand on Apr 13, 2024.
             Was a Priest of Okawaru.
             Slain by a yak (12 damage)
             ... on level 9 of the Dungeon.
             The game lasted 00:38:01 (6764 turns).

tizbic2 the Changeling (Troll Brigand)              Turns: 6764, Time: 00:38:02

Health: -1/75      AC:  5    Str: 21    XL:     10   Next: 48%
Magic:  13/13      EV:  9    Int: 15    God:    Okawaru [***...]
Gold:   556        SH:  0    Dex: 14    Spells: 14/15 levels left

rFire   + . .        n - +7 hand axe of Sin {freeze, Int+3}
rCold   . . .        (no shield)
rNeg    + . .        b - melded +0 robe
rPois   .            (helmet restricted)
rElec   .            K - +2 cloak
rCorr   .            (gloves unavailable)
SInv    .            (boots unavailable)
Will    .....        (no amulet)
Stlth   ++           U - ring of protection from fire
HPRegen 1.12/turn    V - ring of positive energy
MPRegen 0.13/turn

%: no passive effects
@: maw-form
A: devouring maw, reduced hp, large, unfitting armour, claws 3, regeneration 1,
shaggy fur 1, tough skin 1, hooves 1, agile 1, clever 1
a: Begin Untransformation, Renounce Religion, Heroism


You were on level 9 of the Dungeon.
You worshipped Okawaru.
Okawaru was most pleased with you.
You were a creature with a mouth for a stomach.
You visited 2 branches of the dungeon, and saw 10 of its levels.
You also visited: Sewer.

You collected 556 gold pieces.

Inventory:

Hand Weapons
 n - the +7 hand axe of Sin (weapon) {freeze, Int+3}
   (You found it on level 2 of the Dungeon)

   Int+3:     It affects your intelligence (+3).
 E - a +4 morningstar
 N - a +3 quarterstaff of chaos
 P - a +6 heavy trident
Missiles
 d - 37 poisoned darts (quivered)
 e - 8 curare-tipped darts
 i - 3 atropa-tipped darts
 k - 40 stones
 s - 5 javelins
 z - 2 throwing nets
 M - 2 boomerangs
 O - 6 datura-tipped darts
Armour
 b - a +0 robe (melded)
 c - a +1 cloak
 H - the +2 ratskin cloak {*Rats rPois rN+ Str-1 Int-1 Dex+1}
   (You found it on level 6 of the Dungeon)

   *Rats:     When the wearer is hurt, rats may emerge from it to assist them.
   Str-1:     It affects your strength (-1).
   Int-1:     It affects your intelligence (-1).
   Dex+1:     It affects your dexterity (+1).
   rPois:     It protects you from poison rN+: It protects you from negative
   energy.
 K - a +2 cloak (worn)
Jewellery
 r - a ring of flight
 B - a ring of protection from cold
 J - a ring of wizardry
 U - a ring of protection from fire (left claw)
 V - a ring of positive energy (right claw)
Talismans
 f - a maw talisman (active)
 A - a flux talisman
 R - a blade talisman
Wands
 a - a wand of paralysis (5)
 w - a wand of flame (18)
 x - a wand of quicksilver (9)
 I - a wand of digging (3)
Scrolls
 g - 3 scrolls of noise {unknown}
 h - 2 scrolls of teleportation
 m - a scroll of identify
 o - a scroll of summoning {unknown}
 p - a scroll of vulnerability
 v - 2 scrolls of poison
 y - a scroll of immolation {unknown}
 D - 2 scrolls of revelation {unknown}
 G - 5 scrolls of amnesia
 Q - a scroll of enchant weapon {unknown}
 T - a scroll of enchant armour
Potions
 j - a potion of enlightenment
 l - 2 potions of might
 q - a potion of cancellation
 t - 3 potions of brilliance
 u - 2 potions of attraction
 F - 2 potions of mutation
 L - a potion of magic
 S - a potion of ambrosia


   Skills:
 + Level 5.2 Fighting
 - Level 1.5 Short Blades
 - Level 6.5(6.7) Axes
 * Level 2.1(4.6) Polearms
 + Level 5.8 Throwing
 - Level 0.7 Dodging
 - Level 2.1 Stealth
 - Level 0.5 Unarmed Combat
 - Level 3.2 Spellcasting
 * Level 7.8 Shapeshifting


You had 14 spell levels left.
You knew the following spells:

 Your Spells              Type           Power      Damage    Failure   Level
a - Kiss of Death         Conj/Necr      8%         2d6       21%         1

Your spell library contained the following spells:

 Spells                   Type           Power      Damage    Failure   Level
 Freeze                   Ice            8%         1d3       21%         1
 Confusing Touch          Hex            2%         N/A       52%         3
 Frozen Ramparts          Ice            4%         1d1       52%         3
 Hailstorm                Conj/Ice       2%         3d5       52%         3
 Inner Flame              Hex/Fire       2%         N/A       52%         3
 Brom's Barrelling Bould  Conj/Erth      2%         2d3       89%         4
 Cause Fear               Hex            1%         N/A       89%         4
 Dispel Undead            Necr           2%         3d7       89%         4
 Flame Wave               Conj/Fire      2%         2d4       89%         4
 Passage of Golubria      Tloc           2%         N/A       89%         4
 Sticky Flame             Fire/Alch      2%         2d4       89%         4
 Vhi's Electric Charge    Tloc/Air       4%         N/A       89%         4
 Arcjolt                  Conj/Air       1%         1d11      99%         5
 Fireball                 Conj/Fire      1%         3d3       99%         5
 Iskenderun's Battlesphe  Conj           2%         2d6       99%         5
 Yara's Violent Unravell  Hex/Alch       1%         3d3       99%         5
 Conjure Ball Lightning   Conj/Air       1%         3x3d6     100%        6
 Orb of Destruction       Conj           1%         9d5       100%        7
 Maxwell's Capacitive Co  Air            1%         ∞         100%        8
 Tukima's Dance           Hex            Unusable   N/A       N/A         3
 Dragon's Call            Summ           Unusable   N/A       N/A         9

Dungeon Overview and Level Annotations

Branches:
Dungeon (9/15)             Temple (1/1) D:7           Sewer (visited)
   Lair: D:8-11         Orc: D:9-12

Altars:
Ashenzari
Cheibriados
Elyvilon
Fedhas
Gozag
Kikubaaqudgha
Makhleb
Nemelex Xobeh
Okawaru
Qazlal
Ru
Sif Muna
Trog
Uskayaw
Vehumet
Wu Jian
Xom
Yredelemnul
Zin
The Shining One


Innate Abilities, Weirdness & Mutations

You are a creature with a mouth for a stomach.
Your midsection houses a second, enormous mouth.
Your maximum health is decreased, since you lack skill for your form.
You are too large for most types of armour.
You have claws for hands.
Your natural rate of healing is unusually fast.
You are covered in fur. (AC +1)
You have tough skin. (AC +1)
You have large cloven feet.
You are agile. (Dex +4, Str/Int -1)
Your mind is acute. (Int +4, Str/Dex -1)


Message History

You hit the yak. You freeze the yak. The yak gores you but does no damage.
The yak gores you.
You closely miss the yak. You kick the yak, but do no damage.
The yak is severely wounded.
You barely miss the yak. You bite the yak.
The yak is severely wounded.
You hit the yak. You freeze the yak. The yak gores you! x2
You closely miss the yak. You bite the yak.
The yak is almost dead.
You hit the yak. You freeze the yak. The yak gores you. The yak gores you!
* * * LOW HITPOINT WARNING * * *
You see here a +0 ring mail.
You hit the yak. You freeze the yak. Your kick misses the yak.
Your claw misses the yak. You bite the yak.
You devour the yak!
You feel better.
You kill the yak!
Okawaru accepts your kill.
You hit the yak. You freeze the yak.
Your base Polearms skill increases to level 2!
You hit the yak. You freeze the yak.
You devour the yak!
You feel better.
You kill the yak!
Okawaru accepts your kill.
You slash the yak! You freeze the yak. The yak attacks as it pursues you!
The yak gores you!
You barely miss the yak. You kick the yak. Your bite misses the yak.
The yak is lightly wounded.
You hit the yak. You freeze the yak. The yak gores you!
The yak closely misses you.
You slash the yak! You freeze the yak. Your kick misses the yak.
You bite the yak, but do no damage.
The yak is severely wounded.
You hit the yak. You freeze the yak. You hit the yak. You freeze the yak.
The yak closely misses you. The yak gores you.
* * * LOW HITPOINT WARNING * * *
The yak gores you!
* * * LOW HITPOINT WARNING * * *
The yak attacks as it pursues you! The yak gores you!
* * * LOW HITPOINT WARNING * * *
You feel better. The yak gores you!
You die...

##....#
#.....##
#.(..#...##
#(..Y###[..##
(.(Y.# ##...#
.(.##
#...###### (.
##Y....... .
##YY.#####
##W.### .##
###..##
....####...##
#.......##
####..###
##.## ##.#
#.## #..#


You could see 3 yaks.

Vanquished Creatures
  The ghost of mainiacjoe the Covert, a novice OpEE of Dithmenos (D:8)
  Grinder (D:3)
  A hornet (Temple)
  2 shadows (D:7)
  2 yaks (D:9)
  A wyvern (D:7)
  A water moccasin (D:5)
  3 orc warriors (D:7)
  2 sky beasts (D:6)
  5 centaurs
  9 kobold brigands
  A phantom (D:4)
  5 bullfrogs
  4 scorpions
  3 gnoll sergeants
  8 wights
  4 killer bees (D:7)
  2 bombardier beetles
  3 hounds (D:7)
  An orc priest (D:7)
  2 gnoll boudas
  Crazy Yiuf (D:6)
  Jessica (D:2)
  3 iguanas
  2 sleepcaps
  Natasha (twice) (D:2)
  4 orc wizards
  2 hell rats (D:6)
  22 gnolls
  7 adders
  18 river rats (D:6)
  2 white imps (D:7)
  2 ufetubi (D:6)
  2 ribbon worms (Sewer)
  2 dart slugs
  12 orcs
  2 bats
  14 endoplasms
  3 giant cockroaches
  2 goblins
  5 hobgoblins
  2 jackals (D:1)
  5 kobolds
  2 quokkas
  10 ball pythons
  3 frilled lizards
  19 rats
210 creatures vanquished.

Vanquished Creatures (others)
  A wight (D:8)
1 creature vanquished.

Grand Total: 211 creatures vanquished

Notes
Turn   | Place    | Note
-------+----------+-------------------------------------------
     0 | D:1      | tizbic2 the Troll Brigand began the quest for the Orb.
     0 | D:1      | Reached XP level 1. HP: 19/19 MP: 0/0
     7 | D:1      | Noticed a mana viper
     7 | D:1      | Noticed a hound
     7 | D:1      | Noticed a swamp drake
     7 | D:1      | Noticed a black bear
   178 | D:1      | Reached XP level 2. HP: 28/28 MP: 1/1
   782 | D:2      | Identified the +7 hand axe of Sin {freeze, Int+3}
   797 | D:2      | Noticed Natasha
   806 | D:2      | Killed Natasha
   807 | D:2      | Reached skill level 1 in Shapeshifting
   807 | D:2      | Reached XP level 3. HP: 22/35 MP: 2/2
   817 | D:2      | Noticed Natasha
   833 | D:2      | Killed Natasha
   834 | D:2      | Reached skill level 1 in Axes
   834 | D:2      | Reached XP level 4. HP: 40/42 MP: 3/3
   847 | D:2      | Found a faded altar of an unknown god.
  1237 | D:2      | Reached skill level 2 in Shapeshifting
  1390 | D:2      | Noticed Jessica
  1396 | D:2      | Killed Jessica
  1397 | D:2      | Reached XP level 5. HP: 46/49 MP: 4/4
  1657 | D:3      | Learned a level 1 spell: Kiss of Death
  1695 | D:3      | Noticed Grinder
  1763 | D:3      | Paralysed by Grinder for 4 turns
  1768 | D:3      | Killed Grinder
  1769 | D:3      | Reached skill level 1 in Spellcasting
  1769 | D:3      | Reached XP level 6. HP: 24/59 MP: 5/7
  1971 | D:4      | Reached skill level 3 in Shapeshifting
  2288 | D:4      | Reached XP level 7. HP: 66/66 MP: 8/8
  2365 | D:5      | Entered Level 5 of the Dungeon
  2627 | D:5      | Found a basalt altar of Yredelemnul.
  2844 | D:5      | HP: 3/67 [gnoll/+0 flail[a gnoll bouda] (10)]
  2898 | D:4      | HP: 1/67 [scorpion (4)]
  2904 | D:4      | Reached skill level 4 in Shapeshifting
  3184 | D:5      | Reached XP level 8. HP: 53/75 MP: 10/10
  3666 | D:6      | Found a radiant altar of Vehumet.
  3934 | D:6      | Found a glowing drain.
  3944 | Sewer    | Entered a sewer
  4289 | Sewer    | Reached skill level 5 in Shapeshifting
  4595 | Sewer    | Reached XP level 9. HP: 81/84 MP: 12/12
  4668 | D:6      | Found an ornate altar of the Wu Jian Council.
  4684 | D:6      | Found an iron altar of Okawaru.
  4705 | D:6      | Became a worshipper of Warmaster Okawaru
  4821 | D:6      | Found a runed translucent door.
  4822 | D:6      | Noticed Crazy Yiuf
  4829 | D:6      | Killed Crazy Yiuf
  4955 | D:6      | Reached skill level 5 in Axes
  4975 | D:6      | Found the +2 ratskin cloak {*Rats rPois rN+ Str-1 Int-1
                  | Dex+1}
  5134 | D:7      | Found a staircase to the Ecumenical Temple.
  5146 | Temple   | Entered the Ecumenical Temple
  5248 | Temple   | Reached skill level 6 in Shapeshifting
  5330 | D:7      | Reached * piety under Okawaru
  5459 | D:7      | Reached skill level 5 in Throwing
  5660 | D:7      | Reached ** piety under Okawaru
  5661 | D:7      | Reached skill level 7 in Shapeshifting
  5662 | D:7      | Found a broken altar of Ashenzari.
  5662 | D:7      | Found a hide-covered altar of Uskayaw.
  5666 | D:7      | Found a sparkling altar of Nemelex Xobeh.
  5667 | D:7      | Found a blossoming altar of Fedhas.
  5703 | D:7      | Reached XP level 10. HP: 80/94 MP: 13/13
  5826 | D:7      | Found a sacrificial altar of Ru.
  6104 | D:8      | Found a runed translucent door.
  6104 | D:8      | Noticed mainiacjoe's ghost (novice OpEE)
  6237 | D:8      | Reached skill level 5 in Fighting
  6377 | D:8      | Killed mainiacjoe's ghost
  6378 | D:8      | Reached skill level 1 in Polearms
  6395 | D:8      | Gained mutation: You have large cloven feet. [potion of
                  | mutation]
  6395 | D:8      | Gained mutation: You are agile. (Dex +4, Str/Int -1)
                  | [potion of mutation]
  6395 | D:8      | Gained mutation: Your mind is acute. (Int +4, Str/Dex -1)
                  | [potion of mutation]
  6602 | D:8      | Reached *** piety under Okawaru
  6763 | D:9      | HP: 3/75 [yak (9)]
  6764 | D:9      | Slain by a yak

Illustrated notes

Levels and vault maps discovered:
D:1:      onia_arrival_zoo_common, layout_basic
D:2:      layout_basic, chequers_ecumenical_altar_grove,
          chequers_serial_rivers_micro_e, minmay_rat_gold_closets, uniq_natasha,
          uniq_jessica
D:3:      layout_basic, uniq_grinder
D:4:      layout_gridville
D:5:      layout_basic, old_standard_altar
D:6:      wander_guarded_unrand_ratskin, layout_basic, okawaru_gym_becter,
          marbit_many_paths, general_overflow_altar, portal_sewer_entry_d,
          lemuel_flamethrower_1, uniq_crazy_yiuf_cottage
D:7:      cheibrodos_fzero, layout_rooms, nicolae_ru_sacrificial_ziggurat,
          minitemple, minmay_temple_entry_hall
D:8:      layout_basic, hellmonk_ghost_happy_afterlife
D:9:      layout_cave_pods, riverfiend_overflow_shadow_ancestor,
          dpeg_lair_monsters
Temple:   grunt_temple_mini_profane

Skill      XL: |  1  2  3  4  5  6  7  8  9 10 |
---------------+-------------------------------+-----
Throwing       | 2 3 4 5 |  5.8
Fighting       | 2 3 4 5 |  5.2
Shapeshifting  | 1 2 3 4 5 7 |  7.8
Axes           | 1 2 3 4 6 |  6.5
Spellcasting   | 1 2 3 |  3.2
Polearms       | 2 |  2.1
Short Blades   | |  1.5
Dodging        | |  0.7
Stealth        | |  2.1
Unarmed Combat | |  0.5

Action                     |  1- 3 |  4- 6 |  7- 9 | 10-12 || total
---------------------------+-------+-------+-------+-------++-------
  Melee: Unarmed           |    42 |       |       |       ||    42
         Hand axe          |     7 |    78 |   356 |    78 ||   519
         Punch             |       |       |     3 |     1 ||     4
         Maw               |       |       |       |    21 ||    21
         Trident           |       |       |       |     9 ||     9
         Kick              |       |       |       |     6 ||     6
  Throw: Dart              |       |     6 |    56 |     9 ||    71
         Stone             |       |       |     5 |       ||     5
   Cast: Kiss of Death     |       |     1 |       |       ||     1
 Invoke: Heroism           |       |       |       |     1 ||     1
  Evoke: Wand              |       |     1 |     7 |       ||     8
    Use: Scroll            |       |    10 |    10 |     3 ||    23
         Potion            |       |     1 |     8 |     3 ||    12
   Stab: Sleeping          |     2 |     5 |     4 |     2 ||    13
         Invisible         |       |       |       |     1 ||     1
 Armour: Robe              |    28 |    58 |   360 |    16 ||   462
         Skin              |       |       |       |    71 ||    71
  Dodge: Dodged            |    19 |    28 |   211 |    49 ||   307
   Form: Maw               |       |       |       |     1 ||     1
